 Dungeon Crawl Stone Soup version 0.28-a0-479-g5baa6b73be (webtiles) character file.

Game seed: 5614871628294282614

74 mistaj the Skirmisher (level 4, 0/38 HPs)
             Began as a Formicid Fighter on Sept 18, 2021.
             Succumbed to an adder's poison
             ... on level 2 of the Dungeon.
             The game lasted 00:02:50 (2174 turns).

mistaj the Skirmisher (Formicid Fighter)            Turns: 2174, Time: 00:02:51

Health: 0/38       AC:  6    Str: 20    XL:     4   Next: 54%
Magic:  13/13      EV:  9    Int:  9    God:
Gold:   104        SH:  4    Dex: 10    Spells: 3/3 levels left

rFire   . . .      SeeInvis +   a - +0 war axe
rCold   . . .      Faith    .   c - +0 buckler
rNeg    . . .      Spirit   .   b - +0 scale mail
rPois   .          Reflect  .   (helmet unavailable)
rElec   .          Harm     .   (no cloak)
rCorr   .          Rampage  .   (no gloves)
Will    .....                   (no boots)
Stlth   ..........              (no amulet)
HPRegen 0.12/turn               k - ring of magical power
MPRegen 0.13/turn               (no ring)

@: lethally poisoned (0 -> -1)
A: permanent stasis, dig shafts and tunnels, antennae 3, four strong arms
a: Dig, Shaft Self


You were on level 2 of the Dungeon.
You visited 1 branch of the dungeon, and saw 2 of its levels.

You collected 104 gold pieces.

Inventory:

Hand Weapons
 a - a +0 war axe (weapon)
Missiles
 e - 3 javelins
Armour
 b - a +0 scale mail (worn)
 c - a +0 buckler (worn)
Jewellery
 k - a ring of magical power (left hand)
Scrolls
 h - a scroll of identify {unknown}
 i - a scroll of teleportation {unknown}
 j - a scroll of acquirement {unknown}
 l - a scroll of vulnerability {unknown}
 m - a scroll of brand weapon {unknown}
 n - a scroll of amnesia {unknown}
Potions
 d - a potion of might
 f - 2 potions of degeneration {unknown}
 g - a potion of invisibility {unknown}


   Skills:
 + Level 4.5 Fighting
 + Level 3.4 Axes
 - Level 3.2 Armour
 - Level 3.6 Shields


You had 3 spell levels left.
You didn't know any spells.
Your spell library was empty.

Dungeon Overview and Level Annotations

Branches:
Dungeon (2/15)

Altars:


Innate Abilities, Weirdness & Mutations

You cannot be hasted, slowed, berserked, paralysed or teleported.
You can dig through walls and to a lower floor.
You have a pair of large antennae on your head. (SInv)
Your four strong arms can wield two-handed weapons with a shield.


Message History

The adder is severely wounded.
You feel sick. The adder barely misses you. x2
You hit the adder.
The adder is severely wounded.
You feel sick.
You are no longer poisoned.
The adder bites you.
* * * LOW HITPOINT WARNING * * *
You block the adder's attack.
You closely miss the adder.
The adder is severely wounded.
The adder bites you but does no damage.
You barely miss the adder.
The adder is severely wounded.
The adder bites you.
* * * LOW HITPOINT WARNING * * *
You are lethally poisoned!
The adder poisons you! The adder bites you but does no damage.
You barely miss the adder.
The adder is heavily wounded.
* * * LOW HITPOINT WARNING * * *
You feel very sick. The adder bites you but does no damage.
You block the adder's attack.
You closely miss the adder.
The adder is heavily wounded.
* * * LOW HITPOINT WARNING * * *
You feel sick. The adder bites you but does no damage.
You closely miss the adder.
The adder is heavily wounded.
* * * LOW HITPOINT WARNING * * *
You feel sick. You block the adder's attack.
The adder bites you but does no damage.
You closely miss the adder.
The adder is heavily wounded.
* * * LOW HITPOINT WARNING * * *
You feel sick. The adder bites you but does no damage.
You block the adder's attack.
You hit the adder.
The adder is severely wounded.
You die...

#.#.#<#.#######...
#.#.#...# #...
#.#..)..# #...
#.###...# #... #.#
#.#.## #... #.#
#.#..# #... #.#
#.#..## #... #.#
#.#...# #... #@#
#.#.#.# #.## #S#
#.#'#.## #...
..###......# #...
..........#.# #.#.
...#####...#.##
#.#. .... +...#..#
#)#. .....
####...##'###)#.
......
#..........##.#.
#..........##.#.


You could see an adder.

Vanquished Creatures
  3 gnolls
  An adder (D:2)
  2 dart slugs
  5 bats
  4 endoplasms
  3 goblins
  5 hobgoblins
  A kobold (D:2)
  A quokka (D:1)
  4 ball pythons (D:1)
  A frilled lizard (D:1)
  2 rats
32 creatures vanquished.

Notes
Turn   | Place    | Note
-------+----------+-------------------------------------------
     0 | D:1      | mistaj the Formicid Fighter began the quest for the Orb.
     0 | D:1      | Reached XP level 1. HP: 18/18 MP: 1/1
   110 | D:1      | Reached XP level 2. HP: 19/24 MP: 2/2
   650 | D:1      | Reached XP level 3. HP: 30/30 MP: 3/3
  1290 | D:2      | Reached skill level 4 in Fighting
  1438 | D:2      | Reached XP level 4. HP: 12/38 MP: 4/4
  2173 | D:2      | HP: 1/38 [poisoned by an adder]
  2174 | D:2      | Succumbed to an adder's poison

Illustrated notes

Levels and vault maps discovered:
D:1:      erik_arrival_cave_to_civilisation [erik_arrival_cave_to_temple],
          layout_basic
D:2:      layout_basic, hellmonk_ecumenical_altar_leap_of_faith

Skill      XL: |  1  2  3 |
---------------+----------+-----
Fighting       | 4 |  4.5
Axes           | 3 |  3.4
Armour         | |  3.2
Shields        | |  3.6

Action                   |  1- 3 |  4- 6 || total
-------------------------+-------+-------++-------
Melee: War axe           |    49 |    42 ||    91
Armor: Scale mail        |    20 |    19 ||    39
Dodge: Dodged            |    26 |    19 ||    45
Block: Buckler           |     9 |    19 ||    28

Table legend: (Time is in decaauts)
 A = Elapsed time spent in this place.
 B = Non-inter-level travel time spent in this place.
 C = Inter-level travel time spent in this place.
 D = Time resting spent in this place.
 E = Time spent auto-exploring this place.
 F = Levels seen in this place.
 G = Mean time per level.
                   A        B        C        D        E       F      G
               +--------+--------+--------+--------+--------+-----+--------+
         Total |   2207 |   2134 |     73 |    691 |    952 |   2 | 1103.5 |
       Dungeon |   2207 |   2134 |     73 |    691 |    952 |   2 | 1103.5 |
               +--------+--------+--------+--------+--------+-----+--------+

Top non-repeatable levels by time:
     D:1: 1554 daAuts
     D:2: 653 daAuts
